 Dungeon Crawl Stone Soup version 0.16-a0-3946-g4f19e5c (webtiles) character file.

44 ketsa the Insei (level 3, -3/26 HPs)
             Began as a Merfolk Transmuter on Feb 9, 2015.
             Slain by an orc
             ... wielding a +0 flail
              (5 damage)
             ... on level 2 of the Dungeon.
             The game lasted 00:04:45 (2269 turns).

ketsa the Insei (Merfolk Transmuter)                Turns: 2269, Time: 00:04:46

Health: -3/26      AC:  3    Str: 10    XL:     3   Next: 60%
Magic:  6/6        EV: 12    Int: 13    God:
Gold:   223        SH:  0    Dex: 14    Spells: 1 memorised, 5 levels left

rFire  . . .     SeeInvis .       - Unarmed
rCold  . . .     Clarity  .     e - +0 leather armour (curse)
rNeg   . . .     SustAb   .     (no shield)
rPois  .         Gourm    .     (helmet restricted)
rElec  .         Spirit   .     (no cloak)
rCorr  .         Warding  .     (no gloves)
rMut   .         Stasis   .     (no boots)
MR     .....                    (no amulet)
Stlth  +.........               (no ring)
                                (no ring)

@: appendage, not resistant to hostile enchantments, very unstealthy
A: change form in water, swift swim, horns 2
a: End Transformation


You were on level 2 of the Dungeon.
You were hungry.
You had grown temporary horns.
You visited 1 branch of the dungeon, and saw 3 of its levels.

You collected 223 gold pieces.

Inventory:

Missiles
 b - 37 arrows
 f - 18 poisoned needles
 j - 7 curare-tipped needles
 k - 21 stones (quivered)
Armour
 c - a +0 robe
 e - a cursed +0 leather armour (worn)
 p - a +0 leather armour
Scrolls
 h - 4 scrolls of remove curse {unknown}
 m - 2 scrolls of teleportation {unknown}
 n - 5 scrolls of identify {unknown}
Potions
 g - a potion of restore abilities
 l - a potion of cure mutation
Books
 d - a book of Changes

   Spells                             Type                      Level
   a - Beastly Appendage              Transmutation                1
   b - Sticks to Snakes               Transmutation                2
   c - Spider Form                    Transmutation/Poison         3
   d - Ice Form                       Ice/Transmutation            4
   e - Blade Hands                    Transmutation                5
Comestibles
 a - a bread ration
 i - a fruit
 o - a meat ration
 r - 2 chunks of flesh


   Skills:
 + Level 1.5 Fighting
 + Level 3.1 Dodging
 * Level 3.8 Unarmed Combat
 + Level 2.3 Spellcasting
 + Level 3.4 Transmutations


You had 5 spell levels left.
You knew the following spells:

 Your Spells              Type           Power        Failure   Level  Hunger
a - Beastly Appendage     Trmt           ##....       10%         1    #......


Dungeon Overview and Level Annotations

Branches:
Dungeon (3/15)

Altars:


Innate Abilities, Weirdness & Mutations

You revert to your normal form in water.
You are very nimble and swift while swimming.
You have a pair of horns on your head.


Message History

You extend your transformation's duration.
The orc wizard hits you but does no damage.
The orc hits you with a flail!
You hit the orc wizard.
The orc wizard is lightly wounded.
The orc wizard hits you with a dagger.
* * * LOW HITPOINT WARNING * * *
The orc closely misses you.
You hit the orc wizard but do no damage.
You headbutt the orc wizard!
The orc wizard is severely wounded.
You hit the orc wizard but do no damage.
The orc wizard is severely wounded.
The orc wizard mumbles some strange words.
The orc wizard seems to speed up.
The orc hits you with a flail.
* * * LOW HITPOINT WARNING * * *
You hit the orc wizard but do no damage.
The orc wizard is severely wounded.
The orc wizard barely misses you. The orc hits you with a flail.
You die...

#.#####.# #...............#
#.......# #..###..#########
#######.# #..###..#
#.#######.......#
#...............##
####.............# #####
#.###.#.#.###.# ##...## #.#
#.#.#.# #.#
#.....####.###.o@o.# #.#
#..............#.#.# #.# #####
#.....####.###.....###.###...#
##...## #.###...............#
##.## #.............###...#
#.# #######.####### ##.## #.#
#.# #.# #.# #.# #.# #.## ##'##
#.#


You could see an orc wizard and an orc.

Vanquished Creatures
  An adder (D:2)
  3 giant geckos (D:1)
  A ball python (D:1)
  4 bats (D:1)
  2 giant cockroaches (D:2)
  6 goblins
  A hobgoblin (D:1)
  A giant newt (D:1)
  3 jackals (D:1)
  A kobold (D:1)
  8 rats
31 creatures vanquished.

Notes
Turn   | Place    | Note
--------------------------------------------------------------
     0 | D:1      | ketsa, the Merfolk Transmuter, began the quest for the Orb.
     0 | D:1      | Reached XP level 1. HP: 15/15 MP: 3/3
   388 | D:1      | Reached XP level 2. HP: 21/21 MP: 2/4
  1117 | D:1      | Reached XP level 3. HP: 21/26 MP: 4/6
  2269 | D:2      | Slain by an orc

Action                   || total
-------------------------++-------
Melee: Unarmed           ||   117
 Cast: Beastly Appendage ||    22
  Use: Potion            ||     4
  Eat: Chunk             ||     4
